 Dungeon Crawl Stone Soup version 0.21-a0-516-gaaff437 (webtiles) character file.

6 theanonym the Chiller (level 1, 0/13 HPs)
             Began as a Barachi Ice Elementalist on Dec 3, 2017.
             Slain by a hobgoblin
             ... wielding a +0 club
              (6 damage)
             ... on level 1 of the Dungeon.
             The game lasted 00:01:29 (608 turns).

theanonym the Chiller (Barachi Ice Elementalist)     Turns: 608, Time: 00:01:30

Health: 0/13       AC:  2    Str:  9    XL:     1   Next: 90%
Magic:  2/3        EV: 12    Int: 15    God:
Gold:   0          SH:  0    Dex: 12    Spells: 3/4 levels left

rFire    . . .     SeeInvis .   d - +0 club
rCold    . . .     Gourm    .   (no shield)
rNeg     . . .     Faith    .   a - +0 robe
rPois    .         Spirit   .   (no helmet)
rElec    .         Reflect  .   (no cloak)
rCorr    .         Harm     .   (no gloves)
MR       .....                  (no boots)
Stlth    ++........             (no amulet)
HPRegen  0.04/turn              (no ring)
MPRegen  0.08/turn              (no ring)

@: slow
A: +LOS, swims, slowness 1, strong legs 1
a: Hop


Innate Abilities, Weirdness & Mutations

Shadows flee at your approach. (+LOS)
You can swim through water.
You cover ground slowly.
You can hop short distances.


   Skills:
 - Level 2.2 Dodging
 - Level 1.8 Stealth
 + Level 2.3 Spellcasting
   Level 1.1 Conjurations
 * Level 3.9 Ice Magic


You had 3 spell levels left.
You knew the following spells:

 Your Spells              Type           Power        Failure   Level  Hunger
a - Freeze                Ice            ##..         4%          1    #......

Action                   || total
-------------------------++-------
Melee: Club              ||     9
 Cast: Freeze            ||     5
 Stab: Sleeping          ||     1
Armor: Robe              ||     3
Dodge: Dodged            ||     5

Inventory:

Hand Weapons
 d - a +0 club (weapon)
   (You took it off a goblin on level 1 of the Dungeon)
Armour
 a - a +0 robe (worn)
 j - a +0 helmet
   (You found it on level 1 of the Dungeon)
Scrolls
 c - 6 scrolls of remove curse {unknown}
 g - a scroll of identify {unknown}
 i - a scroll of immolation {unknown}
Potions
 h - a potion of curing {unknown}
Books
 b - a book of Frost

   Spells                             Type                      Level
   a - Freeze                         Ice                          1
   b - Throw Frost                    Conjuration/Ice              2
   c - Ozocubu's Armour               Charms/Ice                   3
   d - Throw Icicle                   Conjuration/Ice              4
   e - Summon Ice Beast               Ice/Summoning                4
Comestibles
 e - a bread ration
 f - 2 chunks of flesh

Dungeon Overview and Level Annotations

Branches:
Dungeon (1/15)

Altars:

Annotations:
D:1 exclusions: bat and 2 more exclusions


You were on level 1 of the Dungeon.
You were not hungry.

You visited 1 branch of the dungeon, and saw 1 of its levels.


Message History

A bat comes into view.
Found 41 gold pieces.
A bat is nearby!
A bat is nearby!
A bat is nearby!
A bat is nearby!
No reachable target in view!
As you open the door, it creaks loudly!
Found 18 stones.
There is an open door here.
Found a mace.
Found a runed chain mail.
You see here 18 stones.
All of the chunks of flesh in your inventory have rotted away.
You see here a runed chain mail.
There is an open door here.
Found a stone staircase leading down.
A goblin comes into view. It is wielding a club.
The goblin shouts!
A goblin is nearby!
A goblin is nearby!
The goblin closely misses you.
You completely miss the goblin. The goblin hits you with a club.
You take 2 damage, and have 11/13 hp.
You barely miss the goblin. The goblin hits you with a club.
The goblin barely misses you.
You take 2 damage, and have 9/13 hp.
You miss the goblin. The goblin hits you with a club.
You take 2 damage, and have 7/13 hp.
You barely miss the goblin. The goblin closely misses you.
Aim: a goblin, wielding a club You freeze the goblin.
You kill the goblin!
You now have 2/3 mp.
You start resting.
MP restored: 3
Things that are here:
a club; a goblin corpse You butcher the goblin corpse.
f - 3 chunks of flesh You see here a club. x2
A giant cockroach comes into view.
A giant cockroach is nearby!
A giant cockroach is nearby!
A giant cockroach is nearby!
You start resting.
You regained 4 hp, and now have 12/13 hp.
The helpless giant cockroach fails to defend itself.
You hit the giant cockroach but do no damage.
The giant cockroach closely misses you.
Aim: a giant cockroach (clinging)
You freeze the giant cockroach.
You kill the giant cockroach!
You now have 2/3 mp.
You start resting.
MP restored: 3 You butcher the giant cockroach corpse.
f - 5 chunks of flesh (gained 2)
You see here a club.
Key pressed, stopping explore.
The bat is too close now for your liking.
Health restored: 13 A bat is nearby!
A bat is nearby!
A bat is nearby!
A bat is nearby!
No reachable target in view!
The bat is too close now for your liking.
A bat is nearby!
There's nothing to close nearby.
Unknown command.
Unknown command.
Unknown command.
Some of the chunks of flesh in your inventory have rotted away.
Partly explored, can't reach some places.
Really walk into a travel-excluded area? [Y]es or [N]o only, please.
Really walk into a travel-excluded area?
There is an open door here.
The bat is too close now for your liking.
The bat is too close now for your liking.
Unknown command.
Unknown command.
Unknown command.
A bat and a hobgoblin come into view.
The hobgoblin shouts!
There are monsters nearby!
There are monsters nearby!
There are monsters nearby!
You closely miss the bat. The bat hits you but does no damage.
The bat hits you but does no damage. The bat hits you.
You take 1 damage, and have 12/13 hp.
You hit the bat but do no damage. The bat hits you but does no damage.
The hobgoblin hits you with a club.
* * * LOW HITPOINT WARNING * * *
You take 6 damage, and have 6/13 hp.
MASSIVE DAMAGE!!
You are too injured to fight recklessly!
Aim: a hobgoblin, wielding a club You freeze the hobgoblin.
The hobgoblin hits you with a club.
You die...

...# #.....# ###
#### #.....# #
###.######+##+## #
#..##........ #
##.##....... # #..#
..... ##.# .b. #.##
#g# #..###@####.##
##...........'.
###..........##.
#............#
######.....^....>.#
#.................#
#.#######.........#
#####.# #.........#
......##
#.........#


You could see a hobgoblin and a bat.

Notes
Turn   | Place    | Note
-------+----------+-------------------------------------------
     0 | D:1      | theanonym the Barachi Ice Elementalist began the quest for the Orb.
     0 | D:1      | Reached XP level 1. HP: 13/13 MP: 3/3
   607 | D:1      | HP: 6/13 [hobgoblin/club (6)]
   608 | D:1      | Slain by a hobgoblin

Vanquished Creatures
  A giant cockroach (D:1)
  2 goblins (D:1)
  A hobgoblin (D:1)
  A rat (D:1)
5 creatures vanquished.
